 Dungeon Sprint DCSS version 0.22-a0-93-g6b88ebb (webtiles) character file.

134400000 Rottenbandages the Invulnerable (level 27, -22/249 HPs)
             Began as a Formicid Warper on Jan 24, 2018.
             Was the Champion of Makhleb.
             Annihilated by a vile
             ... wielding a +0 mace
              (106 damage)
             ... in the Dungeon.
             The game lasted 00:08:27 (1344 turns).

Rottenbandages the Invulnerable (Formicid Warper)   Turns: 1344, Time: 00:08:28

Health: -22/249    AC:  6    Str: 17    XL:     27
Magic:  54/54      EV: 34    Int: 16    God:    Makhleb [******]
Gold:   0          SH:  0    Dex: 19    Spells: 65/80 levels left

rFire    . . .     SeeInvis +   l - +∞ Axe of Woe
rCold    . . .     Gourm    .   (no shield)
rNeg     . . .     Faith    .   b - +0 leather armour
rPois    .         Spirit   .   (helmet unavailable)
rElec    .         Reflect  .   (no cloak)
rCorr    .         Harm     .   (no gloves)
MR       ++...                  (no boots)
Stlth    +++++++++.             (no amulet)
HPRegen  0.51/turn              (no ring)
MPRegen  0.34/turn              (no ring)

@: no status effects
A: permanent stasis, dig shafts and tunnels, four strong arms, antennae 3
a: Dig, Minor Destruction, Lesser Servant of Makhleb, Major Destruction, Greater
Servant of Makhleb, Renounce Religion


You were in the Dungeon.
You worshipped Makhleb.
Makhleb was exalted by your worship.
You were not hungry.

You visited 1 branch


Innate Abilities, Weirdness & Mutations

You cannot be hasted, slowed, berserked, paralysed or teleported.
You can dig through walls and to a lower floor.
Your four strong arms can wield two-handed weapons with a shield.
You have a pair of large antennae on your head. (SInv)


   Skills:
 O Level 27 Fighting
 O Level 27 Axes
 O Level 27 Throwing
 O Level 27 Armour
 O Level 27 Dodging
 O Level 27 Stealth
 O Level 27 Unarmed Combat
 O Level 27 Spellcasting
 O Level 27 Charms
 O Level 27 Translocations
 O Level 27 Invocations


You had 65 spell levels left.
You knew the following spells:

 Your Spells              Type           Power        Failure   Level  Hunger
i - Lesser Beckoning      Tloc           #######...   0%          3    None
o - Teleport Other        Tloc           #######.     0%          3    None
p - Passage of Golubria   Tloc           N/A          0%          4    None
u - Gell's Gravitas       Tloc           #######...   0%          3    None
y - Shroud of Golubria    Chrm/Tloc      #######...   0%          2    None

Inventory:

Hand Weapons
 a - a +0 hand axe
 l - the +∞ Axe of Woe (weapon)
Missiles
 e - 5 tomahawks of dispersal (quivered)
Armour
 b - a +0 leather armour (worn)
Scrolls
 d - 2 scrolls of blinking
Potions
 i - a potion of haste
 j - 2 potions of magic
 k - a potion of berserk rage
Books
 c - a book of Spatial Translocations

   Spells                             Type                      Level
   a - Blink                          Translocation                2
   b - Shroud of Golubria             Charms/Translocation         2
   c - Lesser Beckoning               Translocation                3
   d - Gell's Gravitas                Translocation                3
   e - Teleport Other                 Translocation                3
   f - Passage of Golubria            Translocation                4

Dungeon Overview and Level Annotations

Branches:
Dungeon (1/1)

Altars:
Makhleb

▒▒.▒ ▒.▒▒ ▒▒.▒ ▒.▒▒
▒▒.▒ ▒.▒▒ ▒▒.▒
▒▒▒▒▒▒▒▒▒▒▒▒▒▒▒▒▒▒.▒▒
▒.▒.▒.▒.▒.▒.▒.▒8a...▒
.▒.▒.▒.▒.▒.▒.▒..)...▒
▒▒▒▒▒▒▒▒▒▒▒▒▒▒▒▒▒▒▒▒▒
▒ .▒ ▒▒


You could see a vile.


Message History

Health restored: 249 Unknown command!
Unknown command!
You hear a shout!!! x5
The vile moves out of view!
You hear a shout!!! x3
The meat berserker hits you with a +9 BATTLEAXE!!!!!!
You take 27 damage, and have 222/249 hp!
Unknown command!
Unknown command!
You dice the meat berserker like an onion!!!!!!
You cleave the meat berserker in twain!
You annihilate the meat berserker!!!
Makhleb roars: ANNIHILATED!
You feel better!
Some rock shatters into small pieces!
You hear a shout!!! x7
Health restored: 249 Unknown command!
Unknown command!
Unknown command!
You hear a shout!!!
The vile hits you with a mace!!!
You are engulfed in flames!!!!!!!!!!!!!!!
DANG * * * don't die
* * * You hear a shout!!! x11
The vile hits you with a mace!!! * * * don't die
* * * You are engulfed in flames!!!!!!!!!!!! rip

Action                   |  1- 3 |  4- 6 |  7- 9 | 10-12 | 13-15 | 16-18 | 19-21 | 22-24 | 25-27 || total
-------------------------+-------+-------+-------+-------+-------+-------+-------+-------+-------++-------
Melee: Executioner's axe |     1 |       |       |       |     2 |     2 |     2 |     3 |    11 ||    21
 Cast: Gell's Gravitas   |       |       |       |       |       |       |       |       |     1 ||     1
 Abil: Dig               |       |       |       |       |     1 |       |       |       |     7 ||     8
  Use: Potion            |       |       |       |       |       |       |       |       |     2 ||     2
  Eat: Ration            |       |       |       |       |       |       |       |       |     1 ||     1
       Chunk             |       |       |       |       |       |       |       |       |     1 ||     1
Armor: Leather armour    |       |       |       |       |       |       |       |       |     1 ||     1
Dodge: Dodged            |       |       |       |       |       |       |       |       |     9 ||     9

Vault maps used:
D:        meatsprint

Notes
Turn   | Place    | Note
-------+----------+-------------------------------------------
     0 | D        | Found the +∞ Axe of Woe
     0 | D        | Rottenbandages the Formicid Warper began the quest for the Orb.
     0 | D        | Reached XP level 1. HP: 16/16 MP: 3/3
     3 | D        | Noticed a bag of meat
     3 | D        | Noticed a meat berserker
     3 | D        | Killed a meat berserker
     3 | D        | Reached skill level 15 in Fighting
     3 | D        | Reached skill level 14 in Axes
     3 | D        | Reached skill level 14 in Throwing
     3 | D        | Reached skill level 15 in Armour
     3 | D        | Reached skill level 13 in Dodging
     3 | D        | Reached skill level 14 in Spellcasting
     3 | D        | Reached XP level 2. HP: 44/44 MP: 3/17
     3 | D        | Reached XP level 3. HP: 50/50 MP: 3/18
     3 | D        | Reached XP level 4. HP: 57/57 MP: 3/20
     3 | D        | Reached XP level 5. HP: 63/63 MP: 3/21
     3 | D        | Reached XP level 6. HP: 70/70 MP: 3/23
     3 | D        | Reached XP level 7. HP: 76/76 MP: 3/24
     3 | D        | Reached XP level 8. HP: 83/83 MP: 3/26
     3 | D        | Reached XP level 9. HP: 89/89 MP: 3/27
     3 | D        | Reached XP level 10. HP: 96/96 MP: 3/28
     3 | D        | Reached XP level 11. HP: 102/102 MP: 3/29
     3 | D        | Reached XP level 12. HP: 110/110 MP: 3/30
     3 | D        | Reached XP level 13. HP: 116/116 MP: 3/31
     4 | D        | Noticed a bag of meat
     5 | D        | Noticed a bag of meat
     5 | D        | Became a worshipper of Makhleb the Destroyer
     6 | D        | Noticed a meat berserker
     6 | D        | Noticed a bag of meat
     7 | D        | Noticed a bag of meat
     7 | D        | Killed a bag of meat
     7 | D        | Reached skill level 16 in Fighting
     7 | D        | Reached skill level 15 in Axes
     7 | D        | Reached skill level 15 in Throwing
     7 | D        | Reached skill level 16 in Armour
     7 | D        | Reached skill level 14 in Dodging
     7 | D        | Reached skill level 15 in Spellcasting
     7 | D        | Reached XP level 14. HP: 126/126 MP: 4/33
     8 | D        | Noticed a bag of meat
     8 | D        | Noticed a bag of meat
     8 | D        | Noticed a bag of meat
     8 | D        | Noticed a bag of meat
     8 | D        | Noticed a bag of meat
     8 | D        | Noticed a bag of meat
     9 | D        | Noticed a bag of meat
     9 | D        | Noticed a bag of meat
     9 | D        | Noticed a bag of meat
     9 | D        | Noticed a meat berserker
     9 | D        | Noticed a bag of meat
     9 | D        | Noticed a bag of meat
    10 | D        | Noticed a large bag of meat
    10 | D        | Noticed a meat berserker
    10 | D        | Killed a meat berserker
    10 | D        | Reached * piety under Makhleb
    10 | D        | Reached skill level 18 in Fighting
    10 | D        | Reached skill level 17 in Axes
    10 | D        | Reached skill level 16 in Throwing
    10 | D        | Reached skill level 18 in Armour
    10 | D        | Reached skill level 15 in Dodging
    10 | D        | Reached skill level 10 in Stealth
    10 | D        | Reached skill level 17 in Spellcasting
    10 | D        | Reached XP level 15. HP: 136/136 MP: 4/36
    10 | D        | Reached skill level 17 in Throwing
    10 | D        | Reached skill level 16 in Dodging
    10 | D        | Reached skill level 12 in Stealth
    10 | D        | Reached XP level 16. HP: 145/145 MP: 4/37
    10 | D        | Reached skill level 19 in Fighting
    10 | D        | Reached skill level 18 in Axes
    10 | D        | Reached skill level 18 in Throwing
    10 | D        | Reached skill level 19 in Armour
    10 | D        | Reached skill level 17 in Dodging
    10 | D        | Reached skill level 14 in Stealth
    10 | D        | Reached skill level 18 in Spellcasting
    10 | D        | Reached ** piety under Makhleb
    10 | D        | Reached skill level 20 in Fighting
    10 | D        | Reached skill level 20 in Armour
    10 | D        | Reached skill level 15 in Stealth
    10 | D        | Reached skill level 19 in Spellcasting
    11 | D        | Noticed a meat berserker
    11 | D        | Noticed a meat berserker
    12 | D        | Killed a meat berserker
    12 | D        | Reached skill level 21 in Fighting
    12 | D        | Reached skill level 20 in Axes
    12 | D        | Reached skill level 19 in Throwing
    12 | D        | Reached skill level 21 in Armour
    12 | D        | Reached skill level 18 in Dodging
    12 | D        | Reached skill level 18 in Stealth
    12 | D        | Reached skill level 20 in Spellcasting
    12 | D        | Reached XP level 17. HP: 158/158 MP: 5/41
    12 | D        | Reached skill level 22 in Fighting
    12 | D        | Reached skill level 20 in Throwing
    12 | D        | Reached skill level 19 in Dodging
    12 | D        | Reached skill level 19 in Stealth
    12 | D        | Reached XP level 18. HP: 168/168 MP: 5/42
    12 | D        | Killed a meat berserker
    12 | D        | Reached *** piety under Makhleb
    12 | D        | Reached skill level 23 in Fighting
    12 | D        | Reached skill level 21 in Axes
    12 | D        | Reached skill level 21 in Throwing
    12 | D        | Reached skill level 23 in Armour
    12 | D        | Reached skill level 20 in Dodging
    12 | D        | Reached skill level 20 in Stealth
    12 | D        | Reached skill level 21 in Spellcasting
    12 | D        | Reached skill level 22 in Axes
    12 | D        | Reached skill level 21 in Stealth
    12 | D        | Reached skill level 22 in Spellcasting
    13 | D        | Reached skill level 24 in Fighting
    13 | D        | Reached skill level 22 in Throwing
    13 | D        | Reached skill level 21 in Dodging
    13 | D        | Reached skill level 22 in Stealth
    13 | D        | Reached XP level 19. HP: 180/180 MP: 5/45
    13 | D        | Reached **** piety under Makhleb
    13 | D        | Reached skill level 24 in Armour
    13 | D        | Reached skill level 23 in Stealth
    13 | D        | Reached skill level 23 in Axes
    13 | D        | Reached skill level 23 in Throwing
    13 | D        | Reached skill level 23 in Spellcasting
    13 | D        | Reached skill level 25 in Fighting
    13 | D        | Reached skill level 25 in Armour
    13 | D        | Reached skill level 22 in Dodging
    13 | D        | Reached skill level 24 in Stealth
    13 | D        | Reached XP level 20. HP: 192/192 MP: 5/47
    13 | D        | Reached skill level 24 in Axes
    13 | D        | Reached skill level 24 in Throwing
    13 | D        | Reached skill level 25 in Stealth
    13 | D        | Reached skill level 24 in Spellcasting
    14 | D        | Noticed a meat berserker
    14 | D        | Noticed a large bag of meat
    14 | D        | Noticed a meat berserker
    14 | D        | Reached ***** piety under Makhleb
    14 | D        | Reached skill level 26 in Fighting
    14 | D        | Reached skill level 26 in Armour
    14 | D        | Killed a meat berserker
    14 | D        | Reached skill level 25 in Axes
    14 | D        | Reached skill level 25 in Throwing
    14 | D        | Reached skill level 23 in Dodging
    14 | D        | Reached skill level 26 in Stealth
    14 | D        | Reached skill level 25 in Spellcasting
    14 | D        | Reached XP level 21. HP: 196/203 MP: 6/50
    14 | D        | Reached skill level 27 in Fighting
    14 | D        | Reached skill level 27 in Armour
    14 | D        | Reached skill level 24 in Dodging
    14 | D        | Reached skill level 27 in Stealth
    16 | D        | Noticed a meat berserker
    18 | D        | Killed a large bag of meat
    18 | D        | Reached skill level 26 in Axes
    18 | D        | Reached skill level 26 in Throwing
    18 | D        | Reached skill level 25 in Dodging
    18 | D        | Reached skill level 27 in Spellcasting
    18 | D        | Killed a meat berserker
    18 | D        | Reached skill level 27 in Axes
    18 | D        | Reached skill level 27 in Throwing
    18 | D        | Reached skill level 27 in Dodging
    18 | D        | Reached skill level 10 in Unarmed Combat
    18 | D        | Reached skill level 12 in Invocations
    18 | D        | Reached XP level 22. HP: 212/212 MP: 7/53
    18 | D        | Reached skill level 14 in Unarmed Combat
    18 | D        | Reached skill level 16 in Invocations
    18 | D        | Killed a meat berserker
    18 | D        | Reached skill level 19 in Unarmed Combat
    18 | D        | Reached skill level 22 in Invocations
    18 | D        | Killed a large bag of meat
    18 | D        | Reached skill level 22 in Unarmed Combat
    18 | D        | Reached skill level 26 in Invocations
    18 | D        | Reached XP level 23. HP: 177/219 MP: 7/54
    20 | D        | Noticed a destroyer
    20 | D        | Reached ****** piety under Makhleb
    20 | D        | Reached skill level 24 in Unarmed Combat
    20 | D        | Reached skill level 27 in Invocations
    20 | D        | Reached skill level 27 in Unarmed Combat
    22 | D        | Reached XP level 24. HP: 227/227 MP: 8/54
    24 | D        | Noticed a destroyer
    24 | D        | Killed a destroyer
    24 | D        | Reached XP level 25. HP: 234/234 MP: 9/54
    29 | D        | Noticed a destroyer
    29 | D        | Noticed The Servant
    29 | D        | Killed a destroyer
    29 | D        | Reached XP level 26. HP: 242/242 MP: 10/54
    33 | D        | Noticed a destroyer
    38 | D        | Reached XP level 27. HP: 187/249 MP: 13/54
    43 | D        | Killed The Servant
    47 | D        | Killed a destroyer
   333 | D        | Learned a level 2 spell: Shroud of Golubria
   337 | D        | Learned a level 3 spell: Gell's Gravitas
   341 | D        | Learned a level 3 spell: Lesser Beckoning
   345 | D        | Learned a level 3 spell: Teleport Other
   350 | D        | Learned a level 4 spell: Passage of Golubria
   631 | D        | Noticed a vile
   634 | D        | Noticed a vile
   646 | D        | Reached skill level 27 in Charms
   646 | D        | Reached skill level 27 in Translocations
   646 | D        | Killed a vile
   647 | D        | Noticed a meat beast
   647 | D        | Killed a vile
   649 | D        | Killed a meat beast
  1342 | D        | Noticed a vile
  1344 | D        | Annihilated by a vile

Vanquished Creatures
  2 molten gargoyles (D)
  A hell beast (D)
  2 great orbs of eyes (D)
  Harold (D)
  3 vampire knights (D)
  13 ogres (D)
  2 two-headed ogres (D)
  A hydra (D)
  25 orcs (D)
  A skeletal warrior (D)
51 creatures vanquished.

Vanquished Creatures (others)
  2 crawling corpses (D)
2 creatures vanquished.

Grand Total: 53 creatures vanquished
